Map: Thunderbird LE

Players

walker - Winner!

  • Race: Terran Terran
  • League: Platinum
  • Spawn Location: 11:00

SandboX

  • Race: Zerg Zerg
  • League: Gold
  • Spawn Location: 5:00

VOD

Have the link to the VOD?

Description

Time

  • Played on: Aug. 11, 2019, 5:19 p.m.
  • Length: 9:06
Show
View Real Time Build Order
Export as new Build Order

walker Terran - Winner!

Build Orders: Reaper Expand 

Get SALT Encoding   

  12  0:03  SCV  
  13  0:15  SCV  
  13  0:21  Supply Depot  
  14  0:30  SCV  
  15  0:38  Refinery  
  15  0:42  SCV  
  16  0:44  Barracks  
  16  0:54  SCV  
  17  1:07  SCV  
  18  1:19  SCV  
  19  1:33  Reaper, Orbital Command  
  19  1:36  Supply Depot  
  20  1:43  Barracks  
  20  2:01  SCV  
  20  2:06  Command Center  
  21  2:14  SCV  
  22  2:17  Barracks Reactor  
  22  2:18  Refinery  
  22  2:26  SCV  
  23  2:30  Barracks Tech Lab  
  23  2:35  Factory  
  23  2:38  SCV  
  24  2:50  SCV  
  25  2:56  Marine x2  
  25  2:58  Marine  
  28  3:09  SCV  
  29  3:15  Marine x2  
  29  3:17  Stimpack  
  29  3:19  Orbital Command  
  31  3:23  Factory Reactor  
  31  3:26  SCV  
  32  3:28  Marine  
  32  3:32  Marine  
  32  3:33  Marine  
  35  3:39  SCV  
  36  3:41  Orbital Command  
  36  3:43  Starport  
  36  3:51  SCV  
  36  3:53  Marine x2  
  36  3:54  Marine  
  36  3:55  Bunker  
  40  4:03  SCV  
  41  4:11  Marine x3  
  41  4:15  SCV  
  45  4:24  Supply Depot  
  45  4:27  SCV  
  45  4:29  Engineering Bay, SCV, Marine  
  45  4:30  Marine x2  
  50  4:39  SCV  
  50  4:40  Factory Tech Lab  
  50  4:44  SCV  
  52  4:47  Marine  
  52  4:48  Marine x2  
  52  4:51  Refinery x2, Medivac  
  57  4:56  Medivac  
  59  5:11  SCV  
  59  5:12  Supply Depot  
  60  5:18  Supply Depot  
  60  5:19  Marine x2  
  62  5:27  Siege Tank, Marine  
  66  5:38  SCV x2  
  68  5:57  Liberator x2  
  68  6:06  SCV  
  68  6:07  SCV, Marine x3  
  73  6:13  Siege Tank  
  82  6:21  Terran Infantry Armor Level 1  
  82  6:23  Barracks x3  
  82  6:24  Engineering Bay  
  82  6:26  Supply Depot  
  82  6:41  Liberator  
  82  6:54  Marine x3  
  82  6:57  Siege Tank  
  91  7:02  SCV  
  91  7:03  SCV  
  93  7:12  Marine  
  94  7:18  Supply Depot  
  94  7:19  Barracks Reactor, Barracks Tech Lab  
  94  7:20  Barracks Reactor  
  94  7:21  Supply Depot  
  94  7:22  Supply Depot  
  94  7:40  SCV x2, Marine x3  
  96  7:52  SCV x2  
  96  7:57  Marine  
  96  7:58  Marauder  
  101  8:04  Viking, SCV x2  
  103  8:36  Command Center  
  85  9:03  Supply Depot  
  85  9:05  Supply Depot  
Show
View Real Time Build Order
Export as new Build Order

SandboX Zerg 

Build Orders: Hatch First 

Get SALT Encoding   

  12  0:01  Drone  
  13  0:13  Overlord  
  13  0:21  Drone  
  14  0:31  Drone x2  
  16  0:38  Drone  
  17  0:56  Hatchery  
  16  1:01  Drone x2  
  18  1:14  Extractor  
  18  1:16  Spawning Pool  
  16  1:19  Drone  
  16  1:22  Drone  
  18  1:32  Drone  
  19  1:52  Drone  
  20  1:58  Overlord  
  20  2:06  Zergling x2  
  22  2:08  Zergling x2  
  22  2:09  Queen x2  
  26  2:16  Drone  
  26  2:22  Drone  
  28  2:35  Metabolic Boost  
  28  2:38  Drone x3  
  30  2:55  Drone x2  
  30  2:56  Drone x2  
  34  3:01  Hatchery  
  33  3:12  Drone x2  
  34  3:15  Overlord  
  34  3:24  Drone  
  35  3:33  Drone x5  
  40  3:36  Drone x2  
  40  3:37  Overlord  
  42  3:45  Roach Warren  
  41  3:48  Drone x2  
  43  3:58  Overlord  
  43  4:00  Drone x3  
  46  4:18  Zergling x6  
  46  4:22  Queen  
  51  4:24  Drone x5  
  51  4:26  Overlord x2  
  56  4:34  Lair  
  56  4:40  Drone x4  
  56  4:41  Drone x3  
  56  4:42  Extractor  
  56  4:43  Extractor  
  61  4:48  Drone  
  62  5:19  Lair  
  62  5:20  Roach  
  62  5:21  Roach x8  
  80  5:23  Overlord  
  80  5:24  Overlord  
  80  5:25  Overlord x3  
  80  5:33  Extractor  
  80  5:35  Extractor  
  78  5:39  Glial Reconstitution  
  78  5:40  Extractor  
  77  5:45  Hydralisk Den  
  77  5:47  Overseer  
  76  6:00  Roach x5  
  86  6:09  Drone x6  
  86  6:10  Drone  
  93  6:18  Muscular Augments  
  93  6:34  Evolution Chamber  
  93  6:36  Evolution Chamber  
  93  6:37  Roach x7  
  105  6:42  Overlord x2  
  105  6:43  Overlord x2  
  105  6:45  Overlord x3  
  105  7:00  Hydralisk x4  
  113  7:12  Hydralisk x2  
  113  7:13  Hydralisk x4  
  125  7:24  Hydralisk x2  
  129  7:30  Grooved Spines  
  123  7:47  Hydralisk x7  
  137  7:57  Spore Crawler  
  136  8:01  Spore Crawler  
  133  8:16  Spore Crawler  
  124  8:20  Roach x3  
  120  8:27  Spore Crawler  
  120  8:30  Spore Crawler  
  120  8:34  Spine Crawler  
  115  8:35  Spine Crawler  
  115  8:37  Spine Crawler  
  115  8:40  Spine Crawler  
  115  8:41  Hydralisk  
Tags
 
Add a new tag
Caveats
  • Supply blocks, unpowered buildings, or Contaminate may cause inaccurate times.
  • Supply counts are checked every 10 seconds.